 Dungeon Crawl Stone Soup version 0.29.1-12-g30fa7ad0bf (webtiles) character file.

Game seed: 3305540432430195916

740 BillyBaka the Cleaver (level 7, -2/64 HPs)
             Began as a Minotaur Fighter on Dec 15, 2022.
             Slain by an iguana (10 damage)
             ... on level 4 of the Dungeon.
             The game lasted 00:13:54 (3820 turns).

BillyBaka the Cleaver (Minotaur Fighter)            Turns: 3820, Time: 00:13:56

Health: -2/64      AC:  9    Str: 23    XL:     7   Next: 46%
Magic:  6/6        EV: 10    Int:  5    God:
Gold:   193        SH:  4    Dex:  9    Spells: 6/6 levels left

rFire   . . .      SeeInvis .   a - +0 war axe
rCold   . . .      Faith    .   c - +0 buckler
rNeg    + . .      Spirit   .   x - +4 ring mail of Divine Compulsion {Rampage}
rPois   .          Reflect  .   (helmet restricted)
rElec   .          Harm     .   A - scarf {repulsion}
rCorr   .          Rampage  +   (no gloves)
Will    .....                   (no boots)
Stlth   ..........              (no amulet)
HPRegen 0.20/turn               h - ring of positive energy
MPRegen 0.10/turn               (no ring)

@: repel missiles
A: horns 2, retaliatory headbutt
a: no special abilities


You were on level 4 of the Dungeon.
You visited 1 branch of the dungeon, and saw 4 of its levels.

You collected 193 gold pieces.

Inventory:

Hand Weapons
 a - a +0 war axe (weapon)
Missiles
 m - 5 poisoned darts (quivered)
Armour
 c - a +0 buckler (worn)
 x - the +4 ring mail of Divine Compulsion (worn) {Rampage}
   (You found it on level 3 of the Dungeon)

   Rampage:   It bestows one free step when moving towards enemies.
 A - a scarf of repulsion (worn)
Jewellery
 h - a ring of positive energy (left hand)
Wands
 y - a wand of acid (9)
Scrolls
 b - a scroll of teleportation {unknown}
 e - 2 scrolls of magic mapping {unknown}
 f - 3 scrolls of identify {unknown}
 g - a scroll of enchant armour {unknown}
 i - 3 scrolls of immolation {unknown}
 j - a scroll of blinking {unknown}
 k - a scroll of silence {unknown}
 o - a scroll of acquirement {unknown}
 s - a scroll of brand weapon {unknown}
 t - a scroll of poison {unknown}
 v - a scroll of noise {unknown}
 w - 3 scrolls of vulnerability {unknown}
 z - a scroll of amnesia {unknown}
Potions
 d - a potion of might
 l - a potion of heal wounds {unknown}
 n - 4 potions of flight {unknown}
 p - a potion of magic {unknown}
 q - 3 potions of curing
 r - a potion of degeneration {unknown}
 u - a potion of attraction {unknown}


   Skills:
 + Level 6.4 Fighting
 * Level 8.0 Axes
 + Level 2.5 Throwing
 - Level 3.6 Armour
 - Level 3.6 Shields


You had 6 spell levels left.
You didn't know any spells.
Your spell library contained the following spells:

 Spells                   Type           Power      Damage    Failure   Level
 Chain Lightning          Conj/Air       0%         N/A       100%        9
 Fire Storm               Conj/Fire      0%         5d1       100%        9
 Shatter                  Erth           0%         3d5*      100%        9


Dungeon Overview and Level Annotations

Branches:
Dungeon (4/15)
 Temple: D:4-7

Altars:
Makhleb
Nemelex Xobeh
Ru
Uskayaw
Wu Jian
Xom
Yredelemnul

Shops:
D:3 *


Innate Abilities, Weirdness & Mutations

You have a pair of horns on your head.
You reflexively headbutt those who attack you in melee.


Message History

You rampage towards the orc!
An iguana comes into view.
The iguana hisses angrily.
An orc priest comes into view. It is wielding a +0 flail.
An orc comes into view. It is wielding a +0 dagger.
An orc wizard comes into view. It is wielding a +0 dagger.
You rampage towards the orc!
The orc wizard shouts!
The orc shouts!
You block the orc's attack.
You slash the orc!
You kill the orc!
The orc priest calls down the wrath of Beogh upon you.
Beogh smites you!
You hit the iguana. You headbutt the iguana.
The iguana is lightly wounded.
The orc priest invokes the aid of Beogh against you.
Beogh smites you!
The orc wizard mumbles some strange words.
The orc wizard flickers and vanishes!
Deactivating autopickup; reactivate with Ctrl-A.
The iguana bites you.
The orc priest invokes the aid of Beogh against you.
Beogh smites you! The iguana attacks as you move away!
You block the iguana's attack.
The orc priest miscasts a cantrip.
There is an open door here.
The iguana attacks as you move away! The iguana barely misses you.
You furiously retaliate!
You headbutt the iguana, but do no damage.
The orc priest looks braver for a moment.
You hit the iguana but do no damage.
The iguana is lightly wounded.
You block the iguana's attack.
You slash the iguana!
The iguana is severely wounded.
The orc priest calls down the wrath of Beogh upon you.
Beogh smites you!
* * * LOW HITPOINT WARNING * * *
The iguana bites you!
You die...

....#....# #....#
#.. ...)#....#
#######....# #..
....#)<..#
#..........# #..
....'....#
#..........# #..
....#....#
#..........# #..
....#....#
#..........# #..
....#....#
#..........# #..
....+....#
#..........# #..
##'##....#
#.@...._...### #..
..)......#
##l#....._...####..
.........#
#.o........†.......
.........#
#..._..⌠...........
.........#
#..................
.........#
##......._.........
.........#
#o...._.........#'
.........#
#.)..............#.
.........#
#.....#..........+.


You could see an iguana, an orc priest and an orc.

Vanquished Creatures
  Grinder (D:3)
  An ogre (D:4)
  A scorpion (D:4)
  A jelly (D:4)
  An orc priest (D:3)
  Jessica (D:3)
  Ijyb (D:4)
  2 iguanas (D:4)
  An orc wizard (D:4)
  3 gnolls (D:4)
  7 adders
  4 worms (D:2)
  2 dart slugs
  13 orcs
  6 ball pythons
  8 endoplasms
  A giant cockroach (D:3)
  4 goblins
  6 hobgoblins
  7 jackals
  10 kobolds
  4 quokkas
  4 bats
  3 frilled lizards
  7 rats
99 creatures vanquished.

Notes
Turn   | Place    | Note
-------+----------+-------------------------------------------
     0 | D:1      | BillyBaka the Minotaur Fighter began the quest for the Orb.
     0 | D:1      | Reached XP level 1. HP: 19/19 MP: 0/0
   134 | D:1      | Reached skill level 3 in Axes
   135 | D:1      | Reached XP level 2. HP: 9/27 MP: 1/1
   802 | D:1      | Found a faded altar of an unknown god.
   997 | D:2      | Reached XP level 3. HP: 22/33 MP: 2/2
  1133 | D:2      | Reached skill level 4 in Axes
  1573 | D:2      | Found a burning altar of Makhleb.
  1882 | D:2      | Reached XP level 4. HP: 41/41 MP: 3/3
  2004 | D:2      | Reached skill level 1 in Throwing
  2119 | D:3      | Reached skill level 5 in Axes
  2270 | D:3      | Reached XP level 5. HP: 39/47 MP: 4/4
  2581 | D:3      | Noticed Grinder
  2592 | D:3      | Paralysed by Grinder for 2 turns
  2600 | D:3      | Killed Grinder
  2601 | D:3      | Reached skill level 5 in Fighting
  2601 | D:3      | Reached skill level 6 in Axes
  2601 | D:3      | Reached XP level 6. HP: 51/57 MP: 5/5
  2767 | D:3      | Noticed Jessica
  2777 | D:3      | Killed Jessica
  2925 | D:3      | Found Bedorus's Assorted Antiques.
  3017 | D:3      | Identified the +4 ring mail of Divine Compulsion {Rampage}
  3135 | D:4      | Reached skill level 7 in Axes
  3216 | D:4      | Reached XP level 7. HP: 63/63 MP: 6/6
  3298 | D:4      | Noticed Ijyb
  3315 | D:4      | Killed Ijyb
  3680 | D:4      | Reached skill level 8 in Axes
  3769 | D:4      | Found a hide-covered altar of Uskayaw.
  3788 | D:4      | Found a basalt altar of Yredelemnul.
  3788 | D:4      | Found a shimmering altar of Xom.
  3789 | D:4      | Found a sacrificial altar of Ru.
  3789 | D:4      | Found a sparkling altar of Nemelex Xobeh.
  3792 | D:4      | Found an ornate altar of the Wu Jian Council.
  3820 | D:4      | Slain by an iguana

Illustrated notes

Levels and vault maps discovered:
D:1:      lemuel_arrival_tunnels, layout_basic,
          shapermc_ecumenical_altar_mp_vishouse
D:2:      layout_loops_ring, basic_altar
D:3:      layout_basic, serial_shops, nicolae_shop_hallway_stairs,
          grunt_decor_fettered, nrook_mini_backslash, kennysheep_doodads,
          uniq_jessica, uniq_grinder
D:4:      layout_gridville, nicolae_overflow_hidden_temple,
          grunt_temple_overflow_open, uniq_natasha, uniq_ijyb

Skill      XL: |  1  2  3  4  5  6  7 |
---------------+----------------------+-----
Axes           | 3 4 5 6 7 8 |  8.0
Fighting       | 4 5 6 |  6.4
Throwing       | 1 2 |  2.5
Armour         | |  3.6
Shields        | |  3.6

Action                   |  1- 3 |  4- 6 |  7- 9 || total
-------------------------+-------+-------+-------++-------
Melee: War axe           |    70 |    79 |    48 ||   197
       Headbutt          |    11 |    12 |     8 ||    31
Throw: Boomerang         |    32 |    13 |       ||    45
       Dart              |       |     6 |    18 ||    24
Armor: Scale mail        |    22 |       |       ||    22
       Chain mail        |     4 |    48 |       ||    52
       Ring mail         |       |     5 |    14 ||    19
Dodge: Dodged            |    30 |    21 |    15 ||    66
Block: Buckler           |    18 |    14 |    12 ||    44
